 Dungeon Crawl Stone Soup version 0.22-a0-149-g870e420 (webtiles) character file.

578 sankara the Cudgeler (level 7, -4/61 HPs)
             Began as a Gargoyle Earth Elementalist on Feb 7, 2018.
             Slain by Pikel
             ... wielding a +0 whip of electrocution
              (13 damage)
             ... on level 5 of the Dungeon.
             The game lasted 00:15:59 (4435 turns).

sankara the Cudgeler (Gargoyle Earth Elementalist)  Turns: 4435, Time: 00:16:00

Health: -4/61      AC: 23    Str: 13    XL:     7   Next: 36%
Magic:  10/10      EV:  2    Int: 16    God:
Gold:   123        SH:  0    Dex: 10    Spells: 4/10 levels left

rFire    . . .     SeeInvis .   a - +0 whip
rCold    . . .     Gourm    .   (no shield)
rNeg     + + +     Faith    .   (armour currently unavailable)
rPois    ∞         Spirit   .   (helmet currently unavailable)
rElec    .         Reflect  .   (cloak currently unavailable)
rCorr    .         Harm     .   (gloves currently unavailable)
MR       +....     NoTele   +   (boots currently unavailable)
Stlth    +.........             (no amulet)
HPRegen  0.20/turn              n - ring of protection from magic
MPRegen  0.12/turn              (no ring)

@: confused, tree-form
A: negative energy resistance 1, petrification resistance, rot immunity, AC +4
a: no special abilities


You were on level 5 of the Dungeon.
You were hungry.
You were a tree.
You visited 1 branch of the dungeon, and saw 5 of its levels.

You collected 123 gold pieces.

Inventory:

Hand Weapons
 a - a +0 whip (weapon)
 g - a +0 short sword
 i - a +0 club
 p - a +0 hunting sling
Missiles
 b - 129 stones (quivered)
 u - 30 poisoned needles
 B - 27 sling bullets
Armour
 v - a +0 cloak (melded)
 z - a +2 leather armour of cold resistance (melded)
Jewellery
 n - a ring of protection from magic (left branch)
Wands
 y - a wand of polymorph (5)
Scrolls
 f - 4 scrolls of remove curse
 h - a scroll of blinking
 k - 7 scrolls of identify
 m - a scroll of random uselessness
Potions
 o - a potion of might {unknown}
 q - a potion of degeneration {unknown}
 s - a potion of ambrosia
 x - a potion of mutation {unknown}
 A - a potion of heal wounds {unknown}
 C - a potion of haste {unknown}
Books
 e - a book of Geomancy

   Spells                             Type                      Level
   a - Sandblast                      Earth                        1
   b - Passwall                       Transmutation/Earth          2
   c - Stone Arrow                    Conjuration/Earth            3
   d - Petrify                        Transmutation/Earth          4
   e - Lee's Rapid Deconstruction     Earth                        5
Comestibles
 d - 5 rations
 r - 2 chunks of flesh


   Skills:
 - Level 3.0 Fighting
 * Level 5.4 Maces & Flails
 + Level 4.1 Armour
 - Level 1.5 Dodging
 - Level 2.1 Stealth
 - Level 2.0 Spellcasting
 - Level 0.7 Transmutations
 - Level 4.0 Earth Magic


You had 4 spell levels left.
You knew the following spells:

 Your Spells              Type           Power        Failure   Level  Hunger
a - Sandblast             Erth           ##....       4%          1    #......
b - Passwall              Tmut/Erth      #.........   12%         2    ###....
c - Stone Arrow           Conj/Erth      #.....       26%         3    ###....


Dungeon Overview and Level Annotations

Branches:
Dungeon (5/15)
 Temple: D:4-7

Altars:

Annotations:
D:5 Pikel


Innate Abilities, Weirdness & Mutations

You are resistant to torment.
((Your stone body is resilient. (AC +4)))
You are immune to poison.
You resist negative energy. (rN+)
((You are resistant to electric shocks. (rElec)))
((You can survive without breathing.))
You are immune to petrification.
You are immune to rotting.


Message History

You hit Menkaure.
Menkaure is almost destroyed.
Menkaure barely misses you.
You hit Menkaure.
You destroy Menkaure!
Your Maces & Flails skill increases to level 5!
Your Armour skill increases to level 4!
You completely miss Pikel.
Pikel is moderately wounded.
Pikel hits you with a whip of electrocution.
* * * LOW HITPOINT WARNING * * *
You closely miss Pikel.
Pikel is moderately wounded.
Pikel hits you with a whip of electrocution.
* * * LOW HITPOINT WARNING * * *
You are electrocuted!
* * * LOW HITPOINT WARNING * * *
You are confused.
You feel invigorated. Pikel hits you but does no damage.
You are electrocuted!
You die...

#. #. #. #.
.###.########
.......$....#
#.##.....#
#K♣......#
....pp###.....#
..... #...$.#
.... ..#####
... #### .. .


You could see Pikel and 2 slaves.

Vanquished Creatures
  Menkaure (D:5)
  A slave (D:5)
  Crazy Yiuf (D:2)
  Ijyb (D:4)
  Natasha (thrice) (D:4)
  3 iguanas
  A hound zombie (D:5)
  A hound skeleton (D:4)
  Robin (D:2)
  9 adders
  3 gnolls (D:2)
  2 oozes (D:2)
  A worm (D:3)
  4 leopard geckos
  11 orcs
  6 bats
  3 giant cockroaches
  10 goblins
  9 hobgoblins
  2 quokkas
  3 ball pythons
  9 frilled lizards
  12 kobolds
  7 rats
104 creatures vanquished.

Notes
Turn   | Place    | Note
-------+----------+-------------------------------------------
     0 | D:1      | sankara the Gargoyle Earth Elementalist began the quest for the Orb.
     0 | D:1      | Reached XP level 1. HP: 10/10 MP: 3/3
   170 | D:1      | Reached XP level 2. HP: 16/16 MP: 1/5
   351 | D:1      | Reached skill level 1 in Armour
   422 | D:1      | Reached skill level 1 in Fighting
   499 | D:1      | Learned a level 2 spell: Passwall
   766 | D:2      | Reached skill level 1 in Maces & Flails
   767 | D:2      | Reached XP level 3. HP: 19/20 MP: 3/6
   833 | D:2      | Noticed Robin
   860 | D:2      | Killed Robin
  1131 | D:2      | Reached skill level 2 in Maces & Flails
  1131 | D:2      | Reached XP level 4. HP: 12/26 MP: 1/7
  1703 | D:2      | Found a runed door.
  1746 | D:2      | Reached XP level 5. HP: 30/30 MP: 5/8
  2156 | D:2      | Reached skill level 3 in Maces & Flails
  2305 | D:2      | Noticed Crazy Yiuf
  2314 | D:2      | Killed Crazy Yiuf
  2601 | D:3      | Learned a level 3 spell: Stone Arrow
  2747 | D:3      | Reached XP level 6. HP: 21/36 MP: 9/9
  3655 | D:4      | Reached skill level 4 in Maces & Flails
  3702 | D:4      | Noticed Ijyb
  3709 | D:4      | Paralysed by Ijyb for 7 turns
  3770 | D:4      | Killed Ijyb
  3810 | D:4      | Noticed Natasha
  3834 | D:4      | Killed Natasha
  3968 | D:4      | Noticed Natasha
  3976 | D:4      | Killed Natasha
  4233 | D:4      | Noticed Natasha
  4244 | D:4      | Killed Natasha
  4244 | D:4      | Reached XP level 7. HP: 25/41 MP: 10/10
  4367 | D:5      | Entered Level 5 of the Dungeon
  4382 | D:5      | Noticed Pikel
  4391 | D:5      | Noticed Menkaure
  4432 | D:5      | Killed Menkaure
  4432 | D:5      | Reached skill level 5 in Maces & Flails
  4435 | D:5      | Slain by Pikel

Vault maps used:
D:1:      lightli_arrival_chessboard
D:2:      minmay_joined_circles, uniq_robin, uniq_crazy_yiuf_cottage
D:4:      kennysheep_generic_room_13, uniq_natasha, uniq_ijyb
D:5:      first_ration, cheibrodos_sewer_entry_bend, uniq_eustachio,
          uniq_menkaure, uniq_pikel

Skill      XL: |  1  2  3  4  5  6  7 |
---------------+----------------------+-----
Earth Magic    | 4 |  4.0
Armour         | 1 2 3 4 |  4.1
Fighting       | 1 2 3 |  3.0
Maces & Flails | 1 2 3 4 5 |  5.4
Dodging        | |  1.5
Stealth        | |  2.1
Spellcasting   | |  2.0
Transmutations | |  0.7

Action                   |  1- 3 |  4- 6 |  7- 9 || total
-------------------------+-------+-------+-------++-------
Melee: Whip              |    58 |   429 |    51 ||   538
 Cast: Sandblast         |    36 |    19 |       ||    55
       Passwall          |     1 |     1 |       ||     2
       Stone Arrow       |       |     2 |       ||     2
  Use: Scroll            |       |       |     8 ||     8
       Potion            |       |       |     2 ||     2
 Stab: Sleeping          |     1 |     6 |       ||     7
  Eat: Chunk             |     1 |    12 |       ||    13
Armor: Robe              |    35 |       |       ||    35
       Leather armour    |       |   172 |    11 ||   183
       Skin              |       |       |    15 ||    15
Dodge: Dodged            |    50 |   224 |    17 ||   291

Table legend:
 A = Spawn XP
 B = Non-spawn XP
 C = Spawn XP percentage of total XP
 D = Spawn monster count
 E = Non-spawn monster count
 F = Spawn count percentage of total count
 G = Total turns spent on level
                    A         B        C        D         E        F      G
               +---------+---------+-------+---------+---------+-------+---------
         Total |       0 |     827 |   0.0 |       0 |     103 |   0.0 |  4435
               +---------+---------+-------+---------+---------+-------+---------
           D:1 |       0 |      30 |   0.0 |       0 |      19 |   0.0 |   984
           D:2 |       0 |     235 |   0.0 |       0 |      43 |   0.0 |  1566
           D:3 |       0 |     129 |   0.0 |       0 |      27 |   0.0 |  1032
           D:4 |       0 |     241 |   0.0 |       0 |      11 |   0.0 |   785
           D:5 |       0 |     192 |   0.0 |       0 |       3 |   0.0 |    68
               +---------+---------+-------+---------+---------+-------+---------
